AoeStats
← fechinoo

Fortress

510146939Analyzed
4v4 RM · 3d ago on Sep 29, 2026· 50m 36s· 8 players
Game mode
Random Map
Map size
Huge
Population
200
Speed
Normal
Resources
Standard
Victory
Conquest
Starting age
Dark Age
Ending age
Imperial Age
RankedLock teamsTeams togetherTeam positionsShared explorationLock speedFull tech treeHidden civsTurbo modeCheats
Victory
Defeat
🇺🇾 Spanish · Uruguay
1208
+11
🇨🇿 Armenians · Czechia
1207
+11
🇨🇳 Huns · China
1070
+17
🇨🇳 Slavs · China
1040
+19
🇲🇽 Magyars · Mexico
1132
-16
🇺🇸 Sicilians · United States
1115
-15
🇸🇪 Britons · Sweden
1093
-14
🇺🇸 Varangians · United States
1049
-13
eeliaaaas
8:04 Feudal Age
6:22 Loom
9:06 Double-Bit Axe
12:00 Castle Age
11:29 Fletching
11:24 Horse Collar
12:28 Padded Archer Armor
14:11 Bow Saw
15:03 Gold Mining
17:19 Heavy Plow
20:40 Gold Shaft Mining
22:44 Husbandry
22:54 Bloodlines
23:32 Wheelbarrow
22:44 Town Watch
23:30 Scale Barding Armor
24:47 Hand Cart
24:39 Stone Mining
25:25 Town Patrol
29:04 Imperial Age
26:01 Elite Skirmisher
27:28 Bodkin Arrow
27:54 Chain Barding Armor
28:40 Thumb Ring
29:35 Padded Archer Armor
29:59 Ballistics
29:53 Bracer
30:28 Plate Barding Armor
29:19 Cavalier
31:48 Chemistry
31:06 Leather Archer Armor
31:13 Leather Archer Armor
31:34 Plate Barding Armor
35:15 Paladin
GoodLuck
0:42 Loom
10:03 Feudal Age
12:06 Wheelbarrow
11:16 Double-Bit Axe
11:12 Horse Collar
14:25 Castle Age
16:14 Bow Saw
16:22 Hand Cart
16:46 Heavy Plow
22:24 Pikeman
27:00 Forging
28:21 Iron Casting
27:46 Scale Mail Armor
28:13 Gold Mining
28:19 Stone Mining
28:33 Squires
30:05 Gold Shaft Mining
32:37 Imperial Age
30:29 Chain Mail Armor
30:17 Arson
30:50 Man-at-Arms
31:16 Gambesons
32:44 Halberdier
34:25 Blast Furnace
33:55 Plate Mail Armor
33:49 Conscription
34:12 Crop Rotation
36:40 First Crusade
Varryn87
6:19 Loom
8:42 Feudal Age
13:13 Castle Age
11:06 Horse Collar
11:36 Double-Bit Axe
12:42 Bloodlines
18:26 Fervor
21:47 Forging
23:49 Iron Casting
25:02 Scale Barding Armor
30:52 Imperial Age
29:15 Chain Barding Armor
33:05 Blast Furnace
32:28 Conscription
34:49 Plate Barding Armor
34:19 Husbandry
37:14 Fletching
Superhoops
7:59 Feudal Age
11:57 Castle Age
10:22 Horse Collar
11:42 Double-Bit Axe
13:26 Bow Saw
16:28 Wheelbarrow
21:28 Ballistics
21:06 Fletching
21:17 Padded Archer Armor
21:38 Heavy Plow
22:41 Bodkin Arrow
24:14 Leather Archer Armor
25:23 Hand Cart
25:04 Gold Mining
30:00 Gold Shaft Mining
29:16 Stone Mining
30:38 Yeomen
33:07 Imperial Age
33:26 Elite Longbowman
35:13 Chemistry
34:17 Bracer
34:48 Ring Archer Armor
namrskal
4:08 Loom
7:32 Feudal Age
12:58 Castle Age
11:43 Double-Bit Axe
11:48 Horse Collar
12:05 Gold Mining
14:23 Fletching
15:17 Bow Saw
17:55 Fervor
21:17 Wheelbarrow
22:50 Stone Mining
23:29 Gambesons
24:16 Town Watch
25:46 Padded Archer Armor
25:41 Bodkin Arrow
27:26 Gold Shaft Mining
27:26 Leather Archer Armor
26:35 Pikeman
28:14 Caravan
28:59 Hand Cart
28:23 Man-at-Arms
28:58 Elite Skirmisher
30:01 Ballistics
29:53 Fortified Wall
29:14 Long Swordsman
29:57 Scale Mail Armor
33:30 Imperial Age
31:15 Two-Handed Swordsman
31:56 Squires
33:41 Capped Ram
35:45 Champion
36:48 Conscription
36:36 Fereters
36:42 Fereters
37:05 Siege Ram
41:36 Arson
47:03 Spies/Treason
fechinoo
8:03 Feudal Age
12:43 Castle Age
10:34 Double-Bit Axe
11:07 Horse Collar
13:57 Forging
13:44 Gold Mining
15:48 Scale Barding Armor
16:03 Bow Saw
20:38 Chain Barding Armor
21:06 Heavy Plow
22:35 Iron Casting
23:54 Bloodlines
25:26 Wheelbarrow
29:42 Imperial Age
29:02 Hand Cart
30:21 Gold Shaft Mining
29:54 Fletching
30:52 Parthian Tactics
30:35 Loom
30:46 Heavy Cavalry Archer
31:32 Bodkin Arrow
32:26 Conscription
33:25 Two-Man Saw
32:55 Bracer
33:12 Padded Archer Armor
34:14 Chemistry
33:44 Thumb Ring
35:09 Husbandry
36:39 Leather Archer Armor
37:21 Guilds
37:35 Caravan
40:09 Light Cavalry
45:06 Plate Barding Armor
45:31 Blast Furnace
老徐
7:24 Feudal Age
8:02 Double-Bit Axe
7:58 Horse Collar
12:19 Castle Age
13:57 Bow Saw
13:52 Heavy Plow
14:04 Bow Saw
16:36 Loom
20:18 Wheelbarrow
22:23 Padded Archer Armor
22:31 Scale Barding Armor
22:36 Forging
22:42 Hand Cart
23:23 Detinets
23:54 Gold Mining
23:54 Stone Mining
26:44 Imperial Age
25:40 Chain Barding Armor
25:55 Iron Casting
25:53 Scale Mail Armor
26:44 Gold Shaft Mining
26:31 Masonry
26:24 Husbandry
26:34 Bloodlines
26:18 Fletching
26:54 Caravan
28:08 Plate Barding Armor
28:42 Blast Furnace
28:16 Crop Rotation
28:49 Two-Man Saw
28:13 Conscription
27:44 Capped Ram
28:06 Elite Boyar
29:05 Bodkin Arrow
28:55 Siege Ram
31:26 Siege Engineers
31:39 Chain Mail Armor
31:47 Pikeman
32:27 Squires
34:28 Halberdier
35:40 Plate Mail Armor
34:56 Onager
38:21 Heavy Scorpion
40:12 Chemistry
39:43 Ballistics
48:22 Spies/Treason
Gabriel93
8:03 Feudal Age
8:59 Double-Bit Axe
11:37 Castle Age
10:15 Horse Collar
10:28 Gold Mining
12:36 Bow Saw
14:11 Heavy Plow
17:46 Loom
19:48 Wheelbarrow
21:21 Fortified Wall
24:28 Imperial Age
24:08 Stone Mining
24:47 Bloodlines
24:39 Husbandry
25:22 Hand Cart
26:29 Two-Man Saw
25:12 Cavalier
26:30 Forging
26:26 Scale Barding Armor
26:30 Paladin
27:52 Iron Casting
28:45 Chain Barding Armor
29:18 Stone Shaft Mining
31:01 Chemistry
32:19 Plate Barding Armor
32:46 Blast Furnace
32:36 Supremacy
32:41 Conscription
35:10 Hoardings
37:12 Light Cavalry
39:02 Hussar
49:11 Spies/Treason
Connection lost

Rejoining the realm…

Still unreachable

The connection could not be restored.

Session expired

The server has moved on; the page needs a fresh start.